 Dungeon Crawl Stone Soup version 0.18-a0-74-gda9d8c9 (webtiles) character file.

539 Duffy the Caller (level 7, -13/46 HPs)
             Began as a Formicid Summoner on Nov 12, 2015.
             Mangled by Menkaure (15 damage)
             ... on level 5 of the Dungeon.
             The game lasted 00:14:00 (6866 turns).

Duffy the Caller (Formicid Summoner)                Turns: 6866, Time: 00:14:00

Health: -13/46     AC:  4    Str: 16    XL:     7   Next: 51%
Magic:  6/14       EV: 12    Int: 15    God:
Gold:   243        SH:  0    Dex: 12    Spells: 5 memorised, 2 levels left

rFire  . . .     SeeInvis +     E - +0 halberd (freeze)
rCold  . . .     Clarity  .     a - +0 robe
rNeg   . . .     SustAt   .     (no shield)
rPois  .         Gourm    +     (helmet unavailable)
rElec  .         Spirit   .     (no cloak)
rCorr  .         Warding  .     k - +1 pair of gloves {Str+3}
rMut   .         Stasis   +     (no boots)
MR     .....                    t - amulet of the gourmand
Stlth  +++.......               C - ring of teleportation (curse)
                                o - ring of stealth

@: not resistant to hostile enchantments, fairly stealthy
A: permanent stasis, dig shafts and tunnels, four strong arms, antennae 3
a: Dig, Shaft Self, Evoke Teleportation


You were on level 5 of the Dungeon.
You were completely stuffed.

You visited 1 branch of the dungeon, and saw 6 of its levels.

You collected 243 gold pieces.


Innate Abilities, Weirdness & Mutations

You are under a permanent stasis effect.
You can dig through walls and to a lower floor.
Your four strong arms can wield two-handed weapons with a shield.
You have a pair of large antennae on your head (SInv).


   Skills:
 - Level 1.7 Dodging
 - Level 2.4 Stealth
 + Level 4.7 Spellcasting
 + Level 5.9 Summonings
 * Level 4.1 Ice Magic


You had 2 spell levels left.
You knew the following spells:

 Your Spells              Type           Power        Failure   Level  Hunger
a - Summon Small Mammal   Summ           ###.         1%          1    None
c - Call Imp              Summ           ###.....     1%          2    ##.....
g - Summon Guardian Gole  Hex/Summ       ##......     17%         3    ###....
l - Summon Ice Beast      Ice/Summ       ###.....     24%         4    ####...
n - Call Canine Familiar  Summ           ###.....     4%          3    ###....

Inventory:

Hand Weapons
 E - a +0 halberd of freezing (weapon)
Missiles
 n - 192 stones (quivered)
 H - 15 poisoned needles
 L - a throwing net
Armour
 a - a +0 robe (worn)
 g - a +4 ring mail
 k - a +1 pair of gloves of strength (worn)
Jewellery
 d - an uncursed amulet of resist corrosion
 h - a cursed amulet of inaccuracy {unknown}
 o - a ring of stealth (left hand)
 s - an uncursed ring of ice
 t - an amulet of the gourmand (around neck)
 C - a cursed ring of teleportation (right hand)
 F - an uncursed amulet of regeneration {unknown}
Wands
 J - a wand of cold (9)
Scrolls
 i - 2 scrolls of recharging {unknown}
 l - 4 scrolls of remove curse
 p - a scroll of enchant armour {unknown}
 y - a scroll of fog {unknown}
 D - a scroll of fear {unknown}
 I - 2 scrolls of magic mapping {unknown}
Potions
 e - a potion of cure mutation
 j - a potion of brilliance
 m - 2 potions of agility
 u - 3 potions of lignification
 v - a potion of curing
 x - a potion of resistance
 z - 3 potions of poison
 G - a potion of cancellation {unknown}
Books
 b - a book of Callings
 B - a book of Party Tricks
Miscellaneous
 f - a plain deck of changes
Comestibles
 c - 3 bread rations
 q - a meat ration
 r - a slice of pizza
 w - 3 fruits
 A - a beef jerky
 K - 4 chunks of flesh

Dungeon Overview and Level Annotations

Branches:
Dungeon (6/15)
 Temple: D:4-7

Altars:
Nemelex Xobeh

Annotations:
D:5 Duvessa, Menkaure


Message History

Your ice beast closely misses Menkaure.
Your hound bites Menkaure but does no damage.
Attack whom?
Press: ? - help, Dir - move target cursor, f/p - Menkaure
Aim: Menkaure (heavily damaged, fast)
You could not reach far enough!
Your ice beast disappears in a puff of smoke!
Your hound bites Menkaure.
Menkaure hits your hound.
Your ice beast barely misses Menkaure.
Your hound bites Menkaure.
Menkaure calls on the powers of darkness!
Your hound convulses!
Your ice beast convulses!
Your body is wracked with pain!
Your ice beast completely misses Menkaure.
Attack whom?
Press: ? - help, Dir - move target cursor, f/p - Menkaure
Aim: Menkaure (severely damaged, fast)
You could not reach far enough!
Your ice beast disappears in a puff of smoke!
Your hound bites Menkaure.
Menkaure hits your hound!!
Your hound dies!
Your hound's corpse disappears in a puff of smoke!
Attack whom?
Press: ? - help, Dir - move target cursor, f/p - Menkaure
Aim: Menkaure (severely damaged, fast)
You hit Menkaure.
Menkaure is almost destroyed.
Menkaure hits you but does no damage. Menkaure hits you!!
Ouch! That really hurt!
Attack whom?
Press: ? - help, Dir - move target cursor, f/p - Menkaure
Aim: Menkaure (almost destroyed, fast)
You barely miss Menkaure.
Menkaure is almost destroyed.
Menkaure hits you but does no damage. Menkaure hits you!
You die...

.###.##.#### #.# #.# .# #.......#
#.# #e# # ## ####.##.#
###.#######.##.# #.##.#
#..............#
#.##.####...#######.####
#.##.##..........##...#
#######.##.##.....<....####.#####
).).....##.##..................).
##########.# #.@M# #######.####.
#.# #..)# #....># ##########.#
##.## #...{.##. ........##.# ##.#
#....e..e #######.##.# #..#
#.....#. #.##.# ##.## #.....#..
#.##.###..[#### #<.......
#######.##..........# #.#####.#
..........####(..##... ..#


You could see Menkaure.

Action                   |  1- 3 |  4- 6 |  7- 9 || total
-------------------------+-------+-------+-------++-------
Melee: Halberd           |       |    29 |    24 ||    53
Throw: Stone             |     2 |     4 |       ||     6
 Cast: Summon Small Mamm |    45 |       |       ||    45
       Call Imp          |    25 |    24 |       ||    49
       Call Canine Famil |     7 |    17 |     5 ||    29
       Summon Ice Beast  |       |     2 |     5 ||     7
  Use: Scroll            |       |    10 |       ||    10
 Stab: Sleeping          |       |       |     1 ||     1
  Eat: Chunk             |    11 |    13 |     8 ||    32
       Beef jerky        |     2 |       |       ||     2

Notes
Turn   | Place    | Note
--------------------------------------------------------------
     0 | D:1      | Duffy the Formicid Summoner began the quest for the Orb.
     0 | D:1      | Reached XP level 1. HP: 13/13 MP: 3/3
   720 | D:2      | You fall through a shaft for 2 floors!
   799 | D:3      | Noticed Grinder
   879 | D:2      | Reached XP level 2. HP: 19/19 MP: 0/5
   883 | D:2      | Learned a level 2 spell: Call Imp
  1552 | D:2      | Reached XP level 3. HP: 21/24 MP: 2/7
  1651 | D:2      | Noticed Ijyb
  1679 | D:2      | Killed Ijyb
  1679 | D:2      | Reached skill level 3 in Spellcasting
  1865 | D:2      | Learned a level 3 spell: Call Canine Familiar
  2263 | D:3      | Found a sparkling altar of Nemelex Xobeh.
  3481 | D:4      | Reached XP level 4. HP: 30/30 MP: 2/9
  3883 | D:3      | Reached skill level 5 in Summonings
  3934 | D:3      | Learned a level 4 spell: Summon Ice Beast
  4023 | D:3      | Reached XP level 5. HP: 31/35 MP: 6/10
  4558 | D:5      | Entered Level 5 of the Dungeon
  4558 | D:5      | Noticed Duvessa
  4558 | D:5      | Noticed Dowan
  4558 | D:5      | Noticed Menkaure
  4714 | D:4      | Reached skill level 1 in Ice Magic
  4916 | D:4      | Killed Grinder
  4916 | D:4      | Reached skill level 4 in Spellcasting
  4916 | D:4      | Reached skill level 2 in Ice Magic
  4916 | D:4      | Reached XP level 6. HP: 35/41 MP: 2/12
  4995 | D:4      | Learned a level 3 spell: Summon Guardian Golem
  5873 | D:6      | Reached skill level 3 in Ice Magic
  5881 | D:6      | Reached XP level 7. HP: 41/46 MP: 1/13
  6213 | D:5      | Killed Dowan
  6628 | D:6      | Noticed a wraith
  6814 | D:5      | Reached skill level 4 in Ice Magic
  6866 | D:5      | Mangled by Menkaure

Vault maps used:
D:1:      onia_arrival_pyramid
D:2:      uniq_iyjb
D:3:      nemelex_deck, uniq_grinder
D:4:      first_bread
D:5:      uniq_duvessa, uniq_menkaure

Vanquished Creatures
  Grinder
  2 ogres Dowan
  An orc priest Ijyb
  A hound
  3 iguanas
  3 worker ants
  7 adders
  7 gnolls
  An adder skeleton
  4 worms
  12 orcs
  2 giant cockroaches
  4 goblins
  4 hobgoblins
  7 jackals
  7 kobolds
  A quokka
  A ball python
  3 bats
  A giant gecko
  3 giant newts
  2 rats
79 creatures vanquished.
